 Dungeon Crawl Stone Soup version 0.31-a0-175-g9f7f995f2b (webtiles) character file.

Game seed: 6055997502406869305

57 qw the Shooter (level 4, -1/27 HPs)
             Began as a Gargoyle Hunter on June 17, 2023.
             Slain by a goblin
             ... wielding a +0 club
             ... led by Robin
              (2 damage)
             ... on level 2 of the Dungeon.
             The game lasted 00:00:21 (1012 turns).

qw the Shooter (Gargoyle Hunter)                    Turns: 1012, Time: 00:00:22

Health: -1/27      AC:  9    Str: 14    XL:     4   Next: 0%
Magic:  4/4        EV: 10    Int: 10    God:
Gold:   114        SH:  0    Dex: 15    Spells: 3/3 levels left

rFire   . . .        Y - +0 shortbow
rCold   . . .        (shield currently unavailable)
rNeg    + . .        e - +0 ring mail
rPois   inf          (no helmet)
rElec   +            (no cloak)
rCorr   .            h - +0 pair of gloves
SInv    .            (no boots)
Will    .....        (no amulet)
Stlth   +            (no ring)
HPRegen 0.24/turn    (no ring)
MPRegen 0.09/turn

%: no passive effects
@: no status effects
A: sickness immunity, AC +3, negative energy resistance 1, electricity
resistance, torment resistance 1, petrification resistance
a: no special abilities


You were on level 2 of the Dungeon.
You visited 1 branch of the dungeon, and saw 2 of its levels.

You collected 114 gold pieces.


Innate Abilities, Weirdness & Mutations

You are immune to sickness and miasma.
Your stone body is resilient. (AC +3)
You are immune to poison.
You resist negative energy. (rN+)
You are resistant to electric shocks. (rElec)
You are resistant to unholy torment.
You are immune to petrification.


   Skills:
 + Level 2.9 Fighting
 - Level 5.0 Ranged Weapons
 - Level 1.0 Armour
 - Level 1.5 Dodging
 - Level 1.1 Stealth


You had 3 spell levels left.
You didn't know any spells.
Your spell library was empty.

Inventory:

Hand Weapons
 Y - a +0 shortbow (weapon)
Armour
 e - a +0 ring mail (worn)
 h - a +0 pair of gloves (worn)
Potions
 f - a potion of heal wounds {unknown}

Dungeon Overview and Level Annotations

Branches:
Dungeon (2/15)

Altars:

Shops:
D:1 (

Annotations:
D:2 Robin


Message History

You shoot an arrow. The arrow barely misses the adder.
The arrow barely misses the goblin.
The adder misses you. x2; The goblin closely misses you.
Robin hits you but does no damage.
The goblin hits you but does no damage. x2
You shoot an arrow. The arrow closely misses the adder.
The arrow completely misses the goblin.
The adder bites you but does no damage. The goblin hits you but does no damage.
Robin zaps a wand.
The puff of flame hits you but does no damage.
The goblin closely misses you. x2; The adder bites you but does no damage.
You shoot an arrow. The arrow barely misses the adder.
The arrow closely misses the goblin.
Robin throws the goblin at you! The goblin closely misses you.
The goblin hits you but does no damage. x2; The goblin barely misses you.
The adder misses you. Robin hits you with a +0 mace!
The goblin hits you but does no damage. x2; The goblin barely misses you.
The goblin closely misses you.
You shoot an arrow.
The arrow hits the adder but does no damage.
The adder is severely wounded.
The adder bites you but does no damage. x2
Robin roars a battlecry!
The goblins go into a battle-frenzy!
The goblin hits you but does no damage. x2; The goblin closely misses you.
The goblin hits you but does no damage.
You shoot an arrow. The arrow barely misses the adder.
The arrow hits the goblin!
You kill the goblin!
The adder bites you but does no damage. The goblin barely misses you.
Robin hits you but does no damage.
The goblin hits you but does no damage. x2
The goblin hits you with a +0 club. The adder bites you but does no damage.
You have reached level 4!
You feel clever.
You shoot an arrow. The arrow barely misses the adder.
The goblin hits you but does no damage. Robin hits you with a +0 mace.
The goblin barely misses you. The goblin hits you but does no damage.
The goblin barely misses you. The adder bites you but does no damage.
You shoot an arrow. The arrow closely misses the adder.
The adder barely misses you. The goblin hits you with a +0 club.
Robin hits you but does no damage. The goblin hits you with a +0 club.
You die...

## ### ## $. #.. #
#. ####. #.####.# #.
.).. #.#....# #.
#..##.#.###########.
#.g#...........%....
#gg@g.#.#########...
....)gSgg.#.# #...
##...)#...... #...
#.[..#........ ####
..... #.........
..... ####......
.... ........ ...#
......


You could see Robin, an adder and 6 goblins.

Vanquished Creatures
  An adder (D:2)
  A gnoll (D:1)
  A dart slug (D:1)
  An endoplasm (D:1)
  11 goblins
  3 hobgoblins
  3 kobolds
  3 quokkas (D:1)
  3 ball pythons (D:1)
  2 bats
  A frilled lizard (D:1)
  3 rats (D:1)
33 creatures vanquished.

Notes
Turn   | Place    | Note
-------+----------+-------------------------------------------
     0 | D:1      | qw the Gargoyle Hunter began the quest for the Orb.
     0 | D:1      | Reached XP level 1. HP: 12/12 MP: 1/1
     0 | D:1      | 0 ||| qw: Version: 0.3-a-2-g5ab2908
     0 | D:1      | 0 ||| qw: Game counter: 318
     0 | D:1      | 0 ||| qw: Always use a shield: true
     0 | D:1      | 0 ||| qw: God list: Okawaru
     0 | D:1      | 0 ||| qw: Allow faded altars: false
     0 | D:1      | 0 ||| qw: Do Orc after D:15 true
     0 | D:1      | 0 ||| qw: Do second Lair branch before Depths: true
     0 | D:1      | 0 ||| qw: Lair rune preference: random
     0 | D:1      | 0 ||| qw: Plans: Normal, Zot:1-4, Slime:5, God:TSO, Crypt,
                  | Tomb, Abyss, Pan, Hells, Win
     0 | D:1      | 0 ||| PLANNING D:1-11
    43 | D:1      | Reached XP level 2. HP: 14/17 MP: 2/2
   172 | D:1      | Reached XP level 3. HP: 21/21 MP: 3/3
   404 | D:1      | Reached skill level 5 in Ranged Weapons
   459 | D:1      | Found Tizeal's Weapon Boutique.
   802 | D:1      | 802 ||| UPGRADING to +0 ring mail.
   812 | D:1      | 812 ||| DROPPING +0 leather armour.
   813 | D:1      | 813 ||| UPGRADING to +0 pair of gloves.
   818 | D:1      | 818 ||| READING 3 scrolls labelled QIGEME NUTZASO.
   819 | D:1      | 819 ||| READING scroll labelled XUGIAT GUPYUNN.
   820 | D:1      | 820 ||| DROPPING 2 scrolls of fog.
   821 | D:1      | 821 ||| DROPPING scroll of butterflies.
   965 | D:2      | Reached skill level 1 in Armour
  1001 | D:2      | Noticed Robin
  1011 | D:2      | Reached XP level 4. HP: 10/27 MP: 4/4
  1012 | D:2      | HP: 1/27 [goblin/+0 club[Robin] (6)]
  1012 | D:2      | Slain by a goblin

Levels and vault maps discovered:
D:1:      psy_arrival_dodecagon, layout_basic, serial_shops,
          nicolae_lakefront_shop, grunt_decor_arrowhead
D:2:      layout_basic, serial_shops, shop, uniq_robin

Skill      XL: |  1  2  3 |
---------------+----------+-----
Ranged Weapons | 5 |  5.0
Armour         | 1 |  1.0
Fighting       | |  2.9
Dodging        | |  1.5
Stealth        | |  1.1

Action                     |  1- 3 |  4- 6 || total
---------------------------+-------+-------++-------
   Fire: Shortbow          |    84 |     2 ||    86
    Use: Scroll            |     2 |       ||     2
 Armour: Ring mail         |    45 |     4 ||    49
         Leather armour    |     2 |       ||     2
  Dodge: Dodged            |    32 |     3 ||    35

Table legend:
 A = Non-vault XP
 B = Vault XP
 C = Vault XP percentage of total XP
 D = Non-vault monster count
 E = Vault monster count
 F = Vault count percentage of total count
                 A         B        C        D         E       F
            +---------+---------+-------+---------+---------+-------
      Total |      70 |      12 |  14.6 |      27 |       6 |  18.2
            +---------+---------+-------+---------+---------+-------
        D:1 |      52 |       0 |   0.0 |      23 |       0 |   0.0
        D:2 |      18 |      12 |  40.0 |       4 |       6 |  60.0
            +---------+---------+-------+---------+---------+-------
